 Dungeon Crawl Stone Soup version 0.30-a0-862-g1aabd4f9c5 (webtiles) character file.

Game seed: 9883580499087099111

323 IdlyInterested the Slasher (level 6, 0/47 HPs)
             Began as a Demonspawn Fighter on Mar 8, 2023.
             Succumbed to Robin's poison
             ... on level 3 of the Dungeon.
             The game lasted 00:06:06 (2706 turns).

IdlyInterested the Slasher (Demonspawn Fighter)     Turns: 2706, Time: 00:06:07

Health: 0/47       AC: 14    Str: 16    XL:     6   Next: 23%
Magic:  6/6        EV:  4    Int: 15    God:
Gold:   102        SH:  5    Dex: 15    Spells: 5/5 levels left

rFire   . . .      SeeInvis .    a - +0 long sword
rCold   . . .      Faith    .    c - +0 buckler
rNeg    . . .      Spirit   .    e - +0 plate armour
rPois   .          Reflect  .    (no helmet)
rElec   .          Rampage  .    l - +0 cloak
rCorr   .                        (no gloves)
Will    .....                    (no boots) Stlth
                                 p - amulet of magic regeneration
HPRegen 0.27/turn                q - +6 ring of intelligence
MPRegen 0.50/turn                (no ring)

@: lethally poisoned (0 -> -12)
A: claws 2, yellow scales 1
a: no special abilities


You were on level 3 of the Dungeon.
You visited 1 branch of the dungeon, and saw 3 of its levels.

You collected 102 gold pieces.

Inventory:

Hand Weapons
 a - a +0 long sword (weapon)
Missiles
 h - 11 stones (quivered)
 i - a boomerang
 j - a javelin
 t - 2 poisoned darts
Armour
 c - a +0 buckler (worn)
 e - a +0 plate armour (worn)
 l - a +0 cloak (worn)
 v - a +2 robe of positive energy
Jewellery
 p - an amulet of magic regeneration (around neck)
 q - a +6 ring of intelligence (left claw)
Scrolls
 b - a scroll of immolation {unknown}
 k - 2 scrolls of enchant armour {unknown}
 m - a scroll of fear {unknown}
 n - 3 scrolls of identify {unknown}
 r - a scroll of silence {unknown}
 s - 3 scrolls of enchant weapon {unknown}
 w - a scroll of noise {unknown}
Potions
 g - 2 potions of attraction
 o - a potion of magic
 u - a potion of degeneration {unknown}


   Skills:
 - Level 3.0 Fighting
 + Level 3.9 Long Blades
 - Level 1.0 Throwing
 - Level 3.0 Armour
 * Level 1.6 Dodging
 - Level 1.0 Stealth
 - Level 2.6 Shields
 - Level 3.0 Unarmed Combat
 - Level 1.0 Evocations


You had 5 spell levels left.
You didn't know any spells.
Your spell library contained the following spells:

 Spells                   Type           Power      Damage    Failure   Level
 Sandblast                Erth           0%         2d4       100%        1
 Passwall                 Tmut/Erth      0%         N/A       100%        2
 Stone Arrow              Conj/Erth      0%         3d7       100%        3


Dungeon Overview and Level Annotations

Branches:
Dungeon (3/15)

Altars:
Uskayaw
Vehumet

Annotations:
D:3 Robin


Innate Abilities, Weirdness & Mutations

You have very sharp fingernails.
You are partially covered in yellow scales. (AC +2)


Message History

Robin hits you but does no damage.
You are more poisoned.
It was a potion of curing.
You feel better.
The hobgoblin no longer looks unusually strong. x2
Robin barely misses you.
Throw: 2 javelins
Press: ? - help, Shift-Dir - straight line, f - hobgoblin
Aim: a hobgoblin (strong, 59% to hit)
You throw a javelin. The javelin pierces through Robin.
Robin is moderately wounded.
The javelin closely misses the hobgoblin. x2
Robin hits you but does no damage.
You are poisoned.
You closely miss Robin.
Robin is moderately wounded.
You feel very sick.
The hobgoblin no longer looks unusually strong.
Robin hits you but does no damage. x2
You are lethally poisoned!
You slash Robin!
Robin is severely wounded.
* * * LOW HITPOINT WARNING * * *
You feel very sick.
Robin roars a battlecry!
The hobgoblins go into a battle-frenzy!
You closely miss Robin.
Robin is severely wounded.
* * * LOW HITPOINT WARNING * * *
You feel very sick. Robin hits you but does no damage.
You hit Robin but do no damage.
Robin is severely wounded.
* * * LOW HITPOINT WARNING * * *
You feel very sick. Robin barely misses you. Robin hits you but does no damage.
You are more poisoned.
Unknown command.
You hit Robin but do no damage.
Robin is severely wounded.
You die...

###.# #.#.# #.# ..#.#
#.# #.#.# #.# #.#.#
#.########.#.###
#.##...........####.#.
#.##.#####.###........
#.##.# #.# #.#####.#
#.##.# #.# #@#
###.##.# #.# #g#
....##.# #...ggg....gr
######.##
####.gg.>....
#####...# #####.g...
........# ....g
#####...# .... #####
... ...


You could see Robin and 5 hobgoblins.

Vanquished Creatures
  An ogre (D:3)
  Jessica (D:2)
  Terence (D:2)
  Natasha (thrice) (D:2)
  4 adders
  2 worms
  6 ball pythons
  2 bats
  4 endoplasms
  4 giant cockroaches
  13 goblins
  8 hobgoblins
  10 jackals
  5 kobolds
  A quokka (D:1)
  A frilled lizard (D:1)
  5 rats
71 creatures vanquished.

Notes
Turn   | Place    | Note
-------+----------+-------------------------------------------
     0 | D:1      | IdlyInterested the Demonspawn Fighter began the quest for
                  | the Orb.
     0 | D:1      | Reached XP level 1. HP: 18/18 MP: 1/1
   130 | D:1      | Gained mutation: You have sharp fingernails. [demonic
                  | ancestry]
   130 | D:1      | Reached XP level 2. HP: 24/24 MP: 2/2
   159 | D:1      | Reached skill level 1 in Stealth
   552 | D:1      | Reached skill level 1 in Evocations
   704 | D:1      | Reached XP level 3. HP: 26/29 MP: 3/3
   944 | D:2      | Noticed Jessica
   949 | D:2      | Killed Jessica
   950 | D:2      | Reached skill level 1 in Throwing
  1134 | D:2      | Gained mutation: You are partially covered in yellow
                  | scales. (AC +2) [demonic ancestry]
  1134 | D:2      | Reached XP level 4. HP: 35/35 MP: 4/4
  1158 | D:2      | Reached skill level 1 in Unarmed Combat
  1179 | D:2      | Noticed Terence
  1188 | D:2      | Killed Terence
  1865 | D:2      | Found a hide-covered altar of Uskayaw.
  1865 | D:2      | Noticed Natasha
  1874 | D:2      | Killed Natasha
  1875 | D:2      | Reached XP level 5. HP: 28/41 MP: 5/5
  1966 | D:2      | Noticed Natasha
  1972 | D:2      | Killed Natasha
  2077 | D:2      | Noticed Natasha
  2094 | D:2      | Killed Natasha
  2427 | D:3      | Noticed an ogre
  2446 | D:3      | Killed an ogre
  2447 | D:3      | Reached skill level 1 in Dodging
  2447 | D:3      | Gained mutation: You have very sharp fingernails. [demonic
                  | ancestry]
  2447 | D:3      | Reached XP level 6. HP: 42/47 MP: 6/6
  2465 | D:3      | Found a radiant altar of Vehumet.
  2677 | D:3      | Noticed Robin
  2677 | D:3      | Identified the +2 hand axe "Inim" {holy, Dex+3}
  2706 | D:3      | Succumbed to Robin's poison

Illustrated notes

Levels and vault maps discovered:
D:1:      wander_arrival_estate, layout_loops_cross
D:2:      kennysheep_the_goblin_king, layout_loops_corners, basic_altar,
          uniq_jessica, uniq_natasha, uniq_terence
D:3:      layout_loops_ring, vehumet_crystals, shapermc_ecumenical_altar_ellora,
          uniq_robin

Skill      XL: |  1  2  3  4  5 |
---------------+----------------+-----
Armour         | 3 |  3.0
Long Blades    | 2 3 |  3.9
Stealth        | 1 |  1.0
Evocations     | 1 |  1.0
Throwing       | 1 |  1.0
Unarmed Combat | 2 3 |  3.0
Dodging        | 1 |  1.6
Fighting       | |  3.0
Shields        | |  2.6

Action                     |  1- 3 |  4- 6 || total
---------------------------+-------+-------++-------
  Melee: Long sword        |   109 |   168 ||   277
  Throw: Boomerang         |       |     2 ||     2
         Javelin           |       |     1 ||     1
    Use: Potion            |     1 |     4 ||     5
         Scroll            |     1 |       ||     1
 Armour: Scale mail        |    35 |       ||    35
         Plate armour      |    61 |   126 ||   187
  Dodge: Dodged            |    30 |    26 ||    56
  Block: Buckler           |    27 |    44 ||    71

Table legend: (Time is in decaauts)
 A = Elapsed time spent in this place.
 B = Non-inter-level travel time spent in this place.
 C = Inter-level travel time spent in this place.
 D = Time resting spent in this place.
 E = Time spent auto-exploring this place.
 F = Levels seen in this place.
 G = Mean time per level.
                   A        B        C        D        E       F      G
               +--------+--------+--------+--------+--------+-----+--------+
         Total |   2808 |   2513 |    295 |    246 |   1464 |   3 |  936.0 |
       Dungeon |   2808 |   2513 |    295 |    246 |   1464 |   3 |  936.0 |
               +--------+--------+--------+--------+--------+-----+--------+

Top non-repeatable levels by time:
     D:2: 1497 daAuts
     D:1: 957 daAuts
     D:3: 353 daAuts
